AoeStats
← Icewind

Arabia

505528587Analyzed
2v2 RM · 24d ago on Sep 9, 2026· 78m 48s· 4 players
Game mode
Random Map
Map size
Medium (4 player)
Population
200
Speed
Normal
Resources
Standard
Victory
Conquest
Starting age
Dark Age
Ending age
Imperial Age
RankedLock teamsTeams togetherTeam positionsShared explorationLock speedFull tech treeHidden civsTurbo modeCheats
Victory
Defeat
🇨🇦 Mapuche · Canada
1148
+14
🇨🇦 Koreans · Canada
1064
+17
🇨🇿 Romans · Czechia
1146
-17
🇨🇿 Ethiopians · Czechia
1049
-14
czechRichie
8:01 Loom
10:28 Feudal Age
10:55 Double-Bit Axe
14:27 Padded Archer Armor
16:00 Fletching
21:25 Castle Age
21:30 Crossbowman
22:07 Bodkin Arrow
23:32 Bow Saw
36:28 Scale Barding Armor
38:12 Ballistics
41:15 Horse Collar
43:01 Leather Archer Armor
43:08 Chain Barding Armor
43:43 Heavy Plow
47:28 Scale Mail Armor
50:40 Imperial Age
48:08 Town Watch
48:22 Light Cavalry
50:50 Forging
51:33 Bracer
52:24 Wheelbarrow
52:50 Arbalester
55:35 Chemistry
55:40 Iron Casting
55:50 Thumb Ring
56:18 Hussar
57:00 Husbandry
58:58 Two-Man Saw
58:15 Hand Cart
59:56 Town Patrol
62:50 Ring Archer Armor
62:39 Chain Mail Armor
62:55 Ring Archer Armor
64:30 Plate Mail Armor
64:56 Halberdier
Icewind
7:39 Loom
9:33 Feudal Age
10:29 Man-at-Arms
13:18 Scale Mail Armor
14:48 Forging
23:16 Castle Age
21:43 Double-Bit Axe
21:40 Horse Collar
24:06 Squires
23:27 Long Swordsman
24:25 Chain Mail Armor
24:35 Heavy Plow
29:06 Pikeman
32:37 Wheelbarrow
33:56 Gold Mining
34:54 Bow Saw
36:42 Iron Casting
36:45 Ballistas
43:45 Imperial Age
45:25 Elite Centurion
46:28 Scale Barding Armor
47:27 Husbandry
47:39 Bloodlines
49:42 Chain Barding Armor
50:05 Comitatenses
49:26 Cavalier
51:36 Blast Furnace
54:06 Plate Barding Armor
57:56 Hand Cart
59:45 Heavy Scorpion
62:49 Gold Shaft Mining
62:04 Stone Mining
62:22 Legionary
62:57 Fletching
63:50 Bodkin Arrow
64:08 Sappers
65:56 Conscription
69:38 Chemistry
68:58 Ballistics
69:38 Town Watch
72:28 Capped Ram
74:04 Siege Engineers
75:26 Town Patrol
77:00 Siege Ram
holuonganhduc
8:39 Loom
11:13 Feudal Age
21:20 Double-Bit Axe
22:43 Gold Mining
22:46 Stone Mining
22:39 Horse Collar
26:25 Castle Age
36:58 Wheelbarrow
36:12 Town Watch
37:31 Bow Saw
37:27 Heavy Plow
38:38 Pikeman
39:03 Gambesons
39:19 Squires
39:30 Forging
40:30 Fletching
40:41 Scale Mail Armor
41:15 Thumb Ring
40:30 Elite Skirmisher
43:28 Iron Casting
43:08 Chain Mail Armor
44:51 Bodkin Arrow
50:05 Imperial Age
51:47 Bracer
52:18 Plate Mail Armor
52:56 Conscription
52:00 Halberdier
53:44 Heavy Rocket Cart
55:30 Chemistry
54:51 Ballistics
54:12 Treadmill Crane
54:27 Murder Holes
57:14 Shinkichon
57:30 Caravan
59:19 Capped Ram
61:35 Hand Cart
bumap
4:07 Loom
10:37 Feudal Age
11:30 Double-Bit Axe
14:13 Fletching
17:27 Castle Age
16:20 Stone Mining
20:28 Horse Collar
27:18 Forging
28:18 Gold Mining
29:00 Pikeman
31:29 Bow Saw
33:18 Herbal Medicine
34:12 Heavy Plow
33:42 Elite Skirmisher
36:18 Wheelbarrow
37:18 Bodkin Arrow
44:25 Imperial Age
42:27 Padded Archer Armor
42:29 Scale Mail Armor
44:08 Iron Casting
44:12 Stone Shaft Mining
45:03 Elite Kona
48:04 Conscription
47:50 Malon
49:01 Leather Archer Armor
49:47 Blast Furnace
49:05 Hand Cart
48:58 Champi Runner
53:51 Town Watch
54:23 Chain Mail Armor
54:41 Ring Archer Armor
54:26 Chain Mail Armor
54:02 Halberdier
55:17 Ballistics
57:51 Crop Rotation
60:29 Chemistry
61:22 Masonry
62:06 Butalmapu
64:10 Plate Mail Armor
65:02 Siege Engineers
66:36 Capped Ram
69:33 Town Patrol
71:04 Gold Shaft Mining
73:17 Hoardings
72:29 Treadmill Crane
72:45 Murder Holes
75:48 Onager
77:14 Architecture
Connection lost

Rejoining the realm…

Still unreachable

The connection could not be restored.

Session expired

The server has moved on; the page needs a fresh start.